Map: Orbital Shipyard

Players

Grumm

  • Race: Zerg Zerg
  • League: Gold

Nitroflame - Winner!

  • Race: Terran Terran
  • League: Gold

VOD

Have the link to the VOD?

Description

Time

  • Played on: Feb. 13, 2016, 5:57 p.m.
  • Length: 19:41
Show
View Real Time Build Order
Export as new Build Order

Grumm Zerg 

Build Orders: Hatch First 

Get SALT Encoding   

  12  0:02  Drone  
  13  0:33  Hatchery  
  13  0:35  Drone  
  13  0:45  Drone  
  13  0:49  Overlord  
  14  0:53  Extractor  
  13  1:08  Spawning Pool  
  12  1:11  Drone  
  12  1:14  Drone  
  14  1:20  Drone  
  15  1:31  Drone  
  16  1:37  Drone  
  17  1:44  Overlord  
  17  1:46  Drone  
  18  1:56  Metabolic Boost  
  18  2:01  Zergling x2  
  18  2:08  Zergling x4  
  20  2:13  Zergling x2  
  22  2:18  Drone  
  22  2:19  Drone  
  24  2:31  Drone x2  
  26  2:40  Overlord  
  25  2:51  Queen  
  25  2:53  Zergling x4  
  30  3:05  Zergling x2  
  30  3:06  Zergling x4  
  30  3:17  Zergling x4  
  20  3:53  Evolution Chamber  
  18  3:58  Drone x5  
  23  4:25  Drone  
  23  4:26  Drone x4  
  27  4:54  Zergling x2  
  27  4:55  Zergling x10  
  33  5:00  Queen  
  21  6:28  Zergling x2  
  21  6:29  Zergling x12  
  21  6:30  Drone x2  
  29  6:45  Lair  
  29  6:51  Roach Warren  
  24  7:09  Drone  
  24  7:10  Drone x5  
  28  7:21  Drone x3  
  27  7:23  Zerg Melee Weapons Level 1, Extractor  
  25  7:30  Pneumatized Carapace  
  25  7:36  Overlord  
  25  7:38  Roach  
  27  7:51  Zergling x16  
  28  7:55  Roach  
  37  8:03  Drone x2  
  39  8:25  Drone x4  
  43  8:29  Extractor  
  36  9:09  Overlord  
  35  9:10  Overlord x2  
  34  9:25  Hydralisk Den  
  34  9:28  Overlord  
  34  9:30  Roach x4  
  34  9:31  Roach x5  
  51  9:46  Hatchery  
  46  9:58  Spore Crawler  
  45  10:00  Spore Crawler  
  45  10:04  Spore Crawler x2, Hydralisk x2  
  46  10:07  Hydralisk  
  48  10:18  Hydralisk  
  50  10:29  Drone x2  
  52  10:48  Overlord  
  52  10:49  Overlord x2  
  52  10:56  Zerg Missile Weapons Level 1  
  52  10:59  Drone  
  53  11:28  Nydus Network  
  52  11:35  Overseer  
  52  11:37  Hydralisk  
  52  11:38  Hydralisk x4  
  62  11:42  Drone  
  62  11:44  Drone  
  64  11:55  Drone  
  64  11:56  Drone x3  
  68  12:10  Zergling x4  
  70  12:16  Drone x4  
  70  12:17  Drone  
  70  12:22  Drone x2  
  76  13:02  Overlord x2  
  76  13:05  Muscular Augments  
  76  13:07  Zerg Ground Armor Level 1, Zergling x2  
  76  13:08  Zergling x10  
  82  13:15  Extractor  
  82  13:16  Drone  
  82  13:18  Overlord, Extractor  
  74  14:09  Zergling x18  
  78  14:58  Overseer  
  78  15:21  Evolution Chamber  
  77  15:29  Overlord x2  
  77  15:40  Spawning Pool  
  76  15:57  Nydus Canal  
  68  16:35  Zergling x2  
  68  16:36  Zergling x10  
  74  16:41  Zergling x2  
  74  16:42  Zergling x4  
  34  17:26  Queen  
  34  17:28  Hydralisk x8  
  34  17:29  Hydralisk  
  54  17:43  Spore Crawler  
  44  18:12  Hydralisk  
  44  18:13  Hydralisk x10  
  66  18:32  Roach  
  66  18:33  Roach x4  
  39  18:56  Zergling x4  
  39  18:57  Zergling x8  
  40  19:07  Zergling x2  
  40  19:08  Zergling x2  
  17  19:31  Hatchery  
Show
View Real Time Build Order
Export as new Build Order

Nitroflame Terran - Winner!

Build Orders:  

Get SALT Encoding   

  12  0:05  SCV  
  13  0:18  SCV  
  14  0:23  Supply Depot  
  14  0:29  Refinery  
  14  0:30  SCV  
  15  0:45  SCV  
  15  0:48  Barracks  
  16  0:57  SCV  
  17  1:10  Barracks  
  17  1:16  SCV  
  18  1:25  Supply Depot  
  18  1:28  SCV  
  18  1:29  Refinery  
  19  1:36  Reaper  
  20  1:46  Orbital Command  
  20  1:58  Reaper  
  21  2:08  Reaper  
  21  2:09  Barracks  
  21  2:12  SCV  
  23  2:25  SCV  
  23  2:29  Supply Depot  
  24  2:30  Reaper  
  25  2:41  Reaper  
  26  3:02  Reaper  
  26  3:13  Reaper  
  25  3:46  Command Center  
  25  3:48  Command Center  
  24  4:03  Bunker  
  24  4:07  Barracks Tech Lab x2  
  24  4:08  Barracks Reactor  
  24  4:14  SCV  
  25  4:26  SCV  
  25  4:31  Command Center  
  26  4:33  Marine  
  27  4:40  SCV  
  28  5:10  Marine x3  
  28  5:11  Marine  
  29  5:26  Orbital Command  
  29  5:27  Factory  
  29  5:28  Orbital Command, Marine  
  30  5:29  SCV  
  29  5:43  Marine x3  
  29  5:52  Marine  
  26  6:11  Marine  
  27  6:37  Marine x4  
  13  6:58  SCV x2  
  14  7:08  Orbital Command  
  14  7:09  SCV  
  14  7:10  SCV x2  
  17  7:25  SCV x2  
  17  7:27  Widow Mine  
  21  7:30  SCV  
  21  7:37  Combat Shields, Stimpack, SCV x2  
  22  7:42  SCV, Barracks  
  25  7:52  Starport  
  25  7:53  SCV x3  
  25  7:54  SCV  
  29  8:01  Engineering Bay  
  29  8:15  Factory Tech Lab  
  29  8:17  SCV  
  29  8:18  SCV x3  
  33  8:20  Marine  
  33  8:21  Marine x2  
  33  8:24  Liberator  
  36  8:32  Engineering Bay  
  36  8:36  Siege Tank  
  36  8:40  Starport Tech Lab  
  39  8:46  Marine x2, Barracks Reactor  
  39  8:47  Marine  
  45  8:48  Terran Infantry Weapons Level 1  
  45  8:52  Marine  
  45  9:04  Marine  
  46  9:23  Missile Turret  
  46  9:28  Missile Turret x2, Marine x2  
  46  9:29  Marine x3  
  51  9:33  Missile Turret  
  51  9:35  Refinery  
  50  9:55  Starport Reactor  
  50  9:58  SCV x4  
  54  10:06  Marine x4  
  54  10:07  Marine x2  
  58  10:10  SCV  
  58  10:11  SCV x2  
  63  10:24  Refinery  
  63  10:33  Supply Depot x2  
  63  10:34  Supply Depot  
  63  10:35  Supply Depot, SCV x2  
  64  10:36  SCV x2  
  64  10:42  Terran Infantry Armor Level 1  
  67  10:45  Armory  
  67  10:47  Medivac  
  67  10:48  Orbital Command  
  69  10:59  Medivac  
  71  11:07  Starport  
  71  11:14  Concussive Shells  
  71  11:15  Marine x2  
  73  11:20  Medivac  
  73  11:21  Marine x2  
  73  11:24  SCV  
  78  11:31  Missile Turret  
  78  11:34  Missile Turret  
  78  11:35  SCV x3  
  81  11:44  Starport Reactor  
  81  11:46  Marine x2  
  81  11:47  Marine  
  83  11:53  SCV x3  
  83  11:54  SCV  
  88  11:56  Drilling Claws  
  88  11:57  Terran Infantry Weapons Level 2  
  88  12:05  SCV x2  
  88  12:08  Marine x4  
  94  12:18  Bunker  
  94  12:21  Supply Depot  
  94  12:23  SCV x4  
  94  12:24  Bunker  
  98  12:41  Sensor Tower  
  98  12:44  Sensor Tower  
  98  12:45  Bunker, Missile Turret  
  98  12:48  Missile Turret, SCV x3  
  98  12:50  Marine x2  
  103  12:56  Refinery  
  103  12:57  Refinery  
  103  13:04  Missile Turret  
  103  13:11  Supply Depot  
  103  13:13  Sensor Tower  
  103  13:15  SCV x4  
  103  13:17  Missile Turret  
  107  13:24  Marine  
  107  13:25  Marine x4  
  112  13:40  Command Center  
  112  13:42  Marine x2  
  112  13:43  Siege Tank  
  115  13:54  Marine x3  
  110  14:02  Barracks  
  110  14:04  Barracks  
  110  14:07  Barracks  
  110  14:08  Barracks  
  110  14:16  Marine x2  
  110  14:17  Marine x2  
  112  14:39  Marine x4  
  98  15:12  Supply Depot, Barracks Reactor  
  98  15:13  Barracks Reactor x3  
  98  15:14  Marine x4  
  99  15:16  Medivac x4  
  99  15:17  Terran Infantry Weapons Level 3, Terran Infantry Armor Level 2  
  110  15:30  Barracks  
  110  15:31  Barracks  
  110  15:32  Orbital Command, Barracks  
  110  15:36  Barracks  
  110  15:50  Medivac x3  
  110  15:51  Medivac  
  118  16:03  Marine x4  
  122  16:07  Marine x4  
  122  16:09  Marine  
  122  16:10  Marine x2  
  121  16:29  Marine x9  
  121  16:32  Marine x3  
  117  16:33  Marine  
  117  16:35  Marine  
  111  16:46  Marine  
  93  16:47  Marine x2  
  88  16:56  Barracks Tech Lab x2  
  82  17:18  Marine  
  82  17:19  Marine x6  
  89  17:35  Marine x3  
  89  17:36  Medivac  
  94  17:37  Medivac, Starport Reactor  
  94  17:38  Marine  
  97  17:58  Orbital Command, Marine x5  
  99  17:59  Marine  
  103  18:15  Orbital Command, Marine  
  103  18:16  Marine x4  
  103  18:17  Medivac  
  110  18:27  Marine x4  
  110  18:28  Marine x2  
  116  18:34  Marine  
  116  18:35  Marine x3  
  107  18:54  Marine x2  
  107  18:55  Marine  
  100  19:03  Marine x4  
  100  19:04  Medivac x2  
  100  19:07  Marine x2  
  101  19:10  Medivac  
  101  19:16  Marine x3  
Tags
 
Add a new tag
Caveats
  • Supply blocks, unpowered buildings, or Contaminate may cause inaccurate times.
  • Supply counts are checked every 10 seconds.